 Dungeon Crawl Stone Soup version 0.29.0-4-gdea44cf6ec (webtiles) character file.

Game seed: 9978983002723559157

144827 qw the Warrior (level 16, -1/160 HPs)
             Began as a Minotaur Berserker on Sept 4, 2022.
             Was a High Priest of Trog.
             Succumbed to naga ritualist's concentrated venom
             ... on level 3 of the Snake Pit.
             The game lasted 00:13:03 (38046 turns).

qw the Warrior (Minotaur Berserker)                Turns: 38046, Time: 00:13:03

Health: -1/160     AC: 34    Str: 29    XL:     16   Next: 85%
Magic:  6/15       EV: 13    Int:  8    God:    Trog [*****.]
Gold:   332        SH: 15    Dex: 15    Spells: 15/15 levels left

rFire   + + .      SeeInvis +   y - +0 broad axe (freeze)
rCold   . . .      Faith    .   D - +1 kite shield {rN+}
rNeg    + . .      Spirit   +   a - +8 chain mail of Free Expression {Will+}
rPois   .          Reflect  .   t - +2 hat
rElec   .          Harm     .   e - +2 cloak "Iwaif" {Int+4}
rCorr   .          Rampage  .   o - +2 pair of gloves
Will    ++...                   f - +2 pair of boots "Juatoel" {Drain rF++ Dex+4}
Stlth   ..........              m - amulet of guardian spirit
HPRegen 0.36/turn               k - ring of see invisible
MPRegen 0.14/turn               E - +4 ring of slaying {mikee}

@: lethally poisoned (-1 -> -19), on berserk cooldown, slowed, very slow
A: horns 2, retaliatory headbutt
a: Renounce Religion, Berserk, Trog's Hand, Brothers in Arms


You were on level 3 of the Snake Pit.
You worshipped Trog.
Trog was extremely pleased with you.
You visited 4 branches of the dungeon, and saw 25 of its levels.

You collected 3688 gold pieces.
You spent 3356 gold pieces at shops.


Innate Abilities, Weirdness & Mutations

You have a pair of horns on your head.
You reflexively headbutt those who attack you in melee.


   Skills:
 - Level 19.0 Fighting
 - Level 18.0 Axes
 - Level 7.6 Throwing
 - Level 15.0 Armour
 - Level 11.0 Dodging
 + Level 16.7 Shields


You had 15 spell levels left.
You didn't know any spells.
Your spell library was empty.

Inventory:

Hand Weapons
 y - a +0 broad axe of freezing (weapon)
 A - a +2 war axe of flaming
Missiles
 u - 13 boomerangs
 B - 3 silver boomerangs (quivered)
Armour
 a - the +8 chain mail of Free Expression (worn) {Will+}
   (You bought it in a shop on level 7 of the Dungeon)

   Will:      It increases your willpower.
 c - +0 fire dragon scales
 e - the +2 cloak "Iwaif" (worn) {Int+4}
   (You found it on level 8 of the Dungeon)

   Int:       It affects your intelligence (+4).
 f - the +2 pair of boots "Juatoel" (worn) {Drain rF++ Dex+4}
   (You acquired it on level 8 of the Dungeon)

   Dex:       It affects your dexterity (+4).
   rF:        It greatly protects you from fire.
   Drain:     It drains your maximum health when unequipped.
 o - a +2 pair of gloves (worn)
 t - a +2 hat (worn)
 v - a +10 plate armour of ponderousness
 w - a +1 plate armour of poison resistance
 C - a +2 plate armour of cold resistance
 D - a +1 kite shield of positive energy (worn)
Jewellery
 k - a ring of see invisible (left hand)
 l - a ring of protection from fire
 m - an amulet of guardian spirit (around neck)
 x - an amulet of the acrobat
 E - a +4 ring of slaying (right hand) {mikee}
 Y - a +6 ring of strength
Wands
 b - a wand of digging (5)
Scrolls
 d - 5 scrolls of identify
 r - a scroll of teleportation
Potions
 g - 6 potions of haste
 h - 14 potions of curing
 i - 5 potions of might
 n - 3 potions of resistance
 p - 9 potions of mutation
 z - 3 potions of cancellation

Dungeon Overview and Level Annotations

Branches:
Dungeon (15/15)            Temple (0/1) D:6            Lair (5/5) D:9
 Shoals (0/4) Lair:3        Snake (3/4) Lair:2        Slime (0/5) Lair:5
    Orc (2/2) D:10            Elf (0/3) Orc:2        Vaults (0/5) D:14
 Depths (0/4) D:15

Altars:
Gozag
Hepliaklqana
Kikubaaqudgha
Makhleb
Qazlal
Trog
Vehumet
Wu Jian
Xom
Jiyva

Shops:
D:7 *[   D:8 :   D:9 ([   D:11 [**   Orc:2 (=!?*

Annotations:
Lair:5 1 runed translucent door
Snake:2 1 runed translucent door, Smee's ghost, adept MiFi


Message History

You feel extremely sick. The naga ritualist spits poison at you.
The splash of poison hits you but does no damage.
You are lethally poisoned!
You have difficulty breathing.
You feel as though you will be slow longer.
The naga mage barely misses you. The naga mage grabs you.
The naga mage constricts you.
You slice the naga mage!! You freeze the naga mage. You headbutt the naga mage!
The naga mage is almost dead.
You slice the naga ritualist!! You freeze the naga ritualist.
You kill the naga ritualist!
Trog accepts your kill.
You feel extremely sick.
A black mamba comes into view.
The naga mage hits you but does no damage.
The naga mage constricts you.
You closely miss the naga mage. Your headbutt misses the naga mage.
The naga mage is almost dead.
You feel extremely sick. You block the naga mage's attack.
The naga mage constricts you.
You barely miss the naga mage.
The naga mage is almost dead.
You feel very sick. You block the naga mage's attack.
The naga mage constricts you.
You barely miss the naga mage. You headbutt the naga mage.
You kill the naga mage!
Trog accepts your kill.
Trog appreciates your killing of a magic user.
You feel very sick.
You feel very sick. You block the black mamba's attack.
Things that are here:
a +0 halberd; a +0 robe; a naga corpse You slice the black mamba!!
You freeze the black mamba.
The black mamba is almost dead.
You are no longer berserk.
You are exhausted.
You feel as though you will be slow longer.
You die...

#.#####.##.7.##
#.......#.....#
+...7.).'..<.7#
#.......#.....#
#.#####.##.7.##
##.....#######
###'### #.))).#
#.#.@)#.# #
#.S.# # #.7.#
#. .# #. .# ..
.. #. +# #.


You could see a black mamba.

Vanquished Creatures
  Saint Roka (Orc:2)
  Jorgrun (D:15)
  Rupert (D:15)
  Agnes (D:15)
  2 orc warlords
  A stone giant (Orc:1)
  Nessos (D:14)
  An ettin (Orc:1)
  Josephine (Orc:1)
  2 fire dragons (D:15)
  10 hydras
  Erolcha (Orc:2)
  A vault guard (D:14)
  2 boulder beetles
  8 centaur warriors
  4 anacondas
  6 naga warriors
  A catoblepas (Lair:2)
  2 two-headed ogres
  Urug (Lair:1)
  8 naga sharpshooters
  A tengu warrior (D:15)
  3 shock serpents
  Nergalle (D:12)
  Lodul (D:11)
  6 sea snakes (Snake:2)
  A skeletal warrior (D:10)
  2 salamander mystics
  A sea snake (shapeshifter) (D:14)
  A wizard (D:13)
  6 naga ritualists
  Pikel (D:6)
  A deep elf archer (D:14)
  A lindwurm (Lair:5)
  3 deep elf pyromancers
  A deep elf zephyrmancer (D:14)
  A harpy (shapeshifter) (D:14)
  13 orc sorcerers
  11 ugly things
  5 mana vipers
  27 salamanders
  21 cyclopes
  8 manticores
  4 elephants (Lair:4)
  2 guardian serpents (Snake:2)
  11 naga magi
  A gargoyle (D:13)
  29 black mambas
  6 torpor snails (Lair:5)
  11 cane toads
  8 komodo dragons
  2 kobold demonologists (D:14)
  5 rime drakes
  Psyche (D:9)
  An efreet (D:14)
  A tengu conjurer (D:15)
  A wind drake (Lair:3)
  6 trolls
  4 tyrant leeches (Lair:5)
  10 polar bears
  2 raiju (Lair:5)
  Prince Ribbit (D:8)
  6 hornets (Lair:5)
  15 blink frogs
  Sigmund (D:4)
  3 shadows
  2 water elementals (D:15)
  2 centaur simulacra (D:14)
  7 wraiths
  A vampire (D:13)
  30 yaks
  8 wyverns
  7 basilisks
  3 steam dragons (D:8)
  19 nagas
  2 vampire mosquitoes (D:11)
  2 acid dragons
  12 wargs
  13 water moccasins
  13 hell hounds (Lair:5)
  20 orc warriors
  An ice beast (D:5)
  2 sky beasts
  22 ogres
  13 black bears
  19 wolves
  8 centaurs
  A phantom (D:10)
  A lemure (D:6)
  6 bullfrogs
  2 kobold brigands
  2 necrophages (D:5)
  A gnoll sergeant (D:10)
  8 scorpions
  A troll zombie (D:10)
  5 killer bees
  A howler monkey (D:12)
  4 hounds
  2 jellies
  9 orc priests
  7 iguanas
  Ijyb (D:2)
  29 orc wizards
  4 hell rats (Lair:3)
  5 ogre zombies (D:10)
  11 gnolls
  3 adders
  2 shadow imps
  3 white imps
  2 ufetubi (D:7)
  A dart slug (D:1)
  82 orcs
  5 endoplasms
  4 giant cockroaches
  19 goblins
  8 hobgoblins
  3 jackals (D:4)
  8 quokkas
  6 ball pythons
  3 bats
  4 frilled lizards
  3 goblin skeletons (D:10)
  A goblin zombie (D:10)
  A hobgoblin skeleton (D:10)
  2 hobgoblin zombies (D:10)
  17 kobolds
  An orc skeleton (D:10)
  11 orc zombies (D:10)
  4 rats
802 creatures vanquished.

Vanquished Creatures (collateral kills)
  2 ice statues (D:15)
  A meliai (shapeshifter) (D:15)
  An ogre (D:11)
4 creatures vanquished.

Vanquished Creatures (others)
  A naga (Snake:3)
  A bush (Lair:5)
  41 fungi
  81 plants
124 creatures vanquished.

Grand Total: 930 creatures vanquished

Notes
Turn   | Place    | Note
-------+----------+-------------------------------------------
     0 | D:1      | qw the Minotaur Berserker began the quest for the Orb.
     0 | D:1      | Reached XP level 1. HP: 19/19 MP: 0/0
     0 | D:1      | 0 ||| qw: Version: 0.1-a-103-gd6f5d3a
     0 | D:1      | 0 ||| qw: Game counter: 5728
     0 | D:1      | 0 ||| qw: Always use a shield: true
     0 | D:1      | 0 ||| qw: Do Orc after D:15 true
     0 | D:1      | 0 ||| qw: Do second Lair branch before Depths: true
     0 | D:1      | 0 ||| qw: Lair rune preference: random
     0 | D:1      | 0 ||| qw: Plans: Normal
     0 | D:1      | 0 ||| PLANNING D:1-11
   124 | D:1      | 124 ||| Stepping ~*~*~tactically~*~*~ (stealth).
   127 | D:1      | 127 ||| Stepping ~*~*~tactically~*~*~ (stealth).
   130 | D:1      | 130 ||| Stepping ~*~*~tactically~*~*~ (stealth).
   241 | D:1      | Reached XP level 2. HP: 18/26 MP: 1/1
   517 | D:1      | 517 ||| Stepping ~*~*~tactically~*~*~ (stealth).
   543 | D:1      | 543 ||| Stepping ~*~*~tactically~*~*~ (stealth).
   545 | D:1      | 545 ||| Stepping ~*~*~tactically~*~*~ (stealth).
   547 | D:1      | 547 ||| Stepping ~*~*~tactically~*~*~ (stealth).
   642 | D:1      | Reached ** piety under Trog
   923 | D:1      | 923 ||| UPGRADING to +0 ring mail.
   933 | D:1      | 933 ||| DROPPING +0 animal skin.
   934 | D:1      | 934 ||| READING scroll labelled KOPHIZOUSA.
   963 | D:2      | Found a faded altar of an unknown god.
  1012 | D:2      | 1012 ||| DROPPING +0 club.
  1042 | D:2      | 1042 ||| Stepping ~*~*~tactically~*~*~ (stealth).
  1043 | D:2      | Noticed Ijyb
  1044 | D:2      | 1044 ||| Stepping ~*~*~tactically~*~*~ (stealth).
  1050 | D:2      | Reached XP level 3. HP: 28/31 MP: 2/2
  1078 | D:2      | 1078 ||| FLEEEEING.
  1079 | D:2      | 1079 ||| Stepping ~*~*~tactically~*~*~ (stealth).
  1083 | D:2      | 1083 ||| Stepping ~*~*~tactically~*~*~ (stealth).
  1124 | D:2      | 1124 ||| Stepping ~*~*~tactically~*~*~ (stealth).
  1130 | D:2      | 1130 ||| Stepping ~*~*~tactically~*~*~ (stealth).
  1137 | D:2      | 1137 ||| Stepping ~*~*~tactically~*~*~ (hiding).
  1138 | D:2      | 1138 ||| Stepping ~*~*~tactically~*~*~ (stealth).
  1143 | D:2      | 1143 ||| INVOKING Berserk.
  1149 | D:2      | Killed Ijyb
  1211 | D:2      | 1211 ||| FLEEEEING.
  1219 | D:2      | 1219 ||| STAIRDANCE
  1355 | D:2      | Reached skill level 6 in Axes
  1355 | D:2      | Reached XP level 4. HP: 39/39 MP: 3/3
  1659 | D:2      | 1659 ||| Stepping ~*~*~tactically~*~*~ (stealth).
  1944 | D:2      | 1944 ||| UPGRADING to +0 cloak.
  1949 | D:2      | 1949 ||| DRINKING 2 emerald potions.
  1950 | D:2      | 1950 ||| DROPPING potion of brilliance.
  2043 | D:3      | 2043 ||| Stepping ~*~*~tactically~*~*~ (hiding).
  2047 | D:3      | 2047 ||| INVOKING Berserk.
  2200 | D:3      | 2200 ||| INVOKING Berserk.
  2204 | D:3      | Reached XP level 5. HP: 45/45 MP: 4/4
  2309 | D:3      | 2309 ||| Stepping ~*~*~tactically~*~*~ (hiding).
  2314 | D:3      | 2314 ||| INVOKING Berserk.
  2321 | D:3      | Reached skill level 4 in Fighting
  2407 | D:3      | 2407 ||| Stepping ~*~*~tactically~*~*~ (stealth).
  2441 | D:3      | 2441 ||| Stepping ~*~*~tactically~*~*~ (stealth).
  2734 | D:3      | 2734 ||| Stepping ~*~*~tactically~*~*~ (stealth).
  2753 | D:3      | 2753 ||| Stepping ~*~*~tactically~*~*~ (stealth).
  2754 | D:3      | 2754 ||| Stepping ~*~*~tactically~*~*~ (stealth).
  2756 | D:3      | 2756 ||| Stepping ~*~*~tactically~*~*~ (stealth).
  2968 | D:3      | 2968 ||| UPGRADING to +0 plate armour.
  2978 | D:3      | 2978 ||| DROPPING +0 ring mail.
  2979 | D:3      | 2979 ||| DROPPING scarf of invisibility.
  2980 | D:3      | 2980 ||| UPGRADING to ring of see invisible.
  2981 | D:3      | 2981 ||| READING scroll labelled NUGGED KEATZ.
  2982 | D:3      | 2982 ||| READING scroll labelled FIFESULIME.
  3015 | D:4      | Noticed Sigmund
  3016 | D:4      | 3016 ||| Stepping ~*~*~tactically~*~*~ (hiding).
  3021 | D:4      | 3021 ||| INVOKING Berserk.
  3024 | D:4      | Reached *** piety under Trog
  3025 | D:4      | Reached skill level 3 in Armour
  3029 | D:4      | Killed Sigmund
  3030 | D:4      | Reached XP level 6. HP: 52/52 MP: 5/5
  3130 | D:4      | 3130 ||| INVOKING Berserk.
  3416 | D:4      | Reached skill level 9 in Axes
  3536 | D:4      | 3536 ||| Stepping ~*~*~tactically~*~*~ (stealth).
  3538 | D:4      | 3538 ||| Stepping ~*~*~tactically~*~*~ (stealth).
  3559 | D:4      | 3559 ||| DROPPING +0 whip.
  3666 | D:4      | Reached XP level 7. HP: 59/59 MP: 6/6
  3683 | D:4      | 3683 ||| Stepping ~*~*~tactically~*~*~ (stealth).
  3687 | D:4      | 3687 ||| Stepping ~*~*~tactically~*~*~ (stealth).
  3693 | D:4      | 3693 ||| Stepping ~*~*~tactically~*~*~ (stealth).
  3795 | D:4      | 3795 ||| Stepping ~*~*~tactically~*~*~ (stealth).
  3799 | D:4      | 3799 ||| Stepping ~*~*~tactically~*~*~ (stealth).
  3801 | D:4      | 3801 ||| Stepping ~*~*~tactically~*~*~ (stealth).
  3806 | D:4      | 3806 ||| INVOKING Berserk.
  3977 | D:4      | Reached skill level 5 in Fighting
  4310 | D:4      | 4310 ||| DRINKING 3 lumpy dark potions.
  4311 | D:4      | 4311 ||| DRINKING 2 silvery potions.
  4343 | D:5      | Entered Level 5 of the Dungeon
  4584 | D:5      | 4584 ||| Stepping ~*~*~tactically~*~*~ (stealth).
  4597 | D:5      | 4597 ||| Stepping ~*~*~tactically~*~*~ (stealth).
  4628 | D:5      | 4628 ||| Stepping ~*~*~tactically~*~*~ (hiding).
  4629 | D:5      | 4629 ||| Stepping ~*~*~tactically~*~*~ (hiding).
  4751 | D:5      | 4751 ||| Stepping ~*~*~tactically~*~*~ (stealth).
  4857 | D:5      | Reached skill level 1 in Throwing
  4879 | D:5      | Reached XP level 8. HP: 70/70 MP: 7/7
  4970 | D:5      | 4970 ||| INVOKING Berserk.
  4972 | D:5      | Reached skill level 6 in Fighting
  5475 | D:5      | 5475 ||| INVOKING Berserk.
  5761 | D:5      | 5761 ||| UPGRADING to +6 ring of dexterity.
  5762 | D:5      | 5762 ||| READING scroll labelled CAH ETSODOT.
  5763 | D:5      | 5763 ||| READING scroll labelled KAIWOKH NEOTYE.
  5764 | D:5      | 5764 ||| DRINKING 2 bubbling ruby potions.
  5765 | D:5      | 5765 ||| DRINKING 2 glowing pink potions.
  5766 | D:5      | 5766 ||| DRINKING 3 fizzy pink potions.
  5767 | D:5      | 5767 ||| DROPPING potion of attraction.
  5768 | D:5      | 5768 ||| DROPPING potion of flight.
  6038 | D:6      | 6038 ||| Stepping ~*~*~tactically~*~*~ (stealth).
  6039 | D:6      | 6039 ||| Stepping ~*~*~tactically~*~*~ (stealth).
  6040 | D:6      | 6040 ||| Stepping ~*~*~tactically~*~*~ (stealth).
  6041 | D:6      | 6041 ||| Stepping ~*~*~tactically~*~*~ (stealth).
  6042 | D:6      | 6042 ||| Stepping ~*~*~tactically~*~*~ (stealth).
  6045 | D:6      | 6045 ||| Stepping ~*~*~tactically~*~*~ (stealth).
  6050 | D:6      | 6050 ||| Stepping ~*~*~tactically~*~*~ (stealth).
  6081 | D:6      | 6081 ||| SWAPPING to +0 war axe.
  6083 | D:6      | 6083 ||| DROPPING +1 hand axe.
  6124 | D:6      | Noticed Pikel
  6127 | D:6      | 6127 ||| Stepping ~*~*~tactically~*~*~ (stealth).
  6128 | D:6      | 6128 ||| INVOKING Berserk.
  6136 | D:6      | Killed Pikel
  6137 | D:6      | Reached skill level 12 in Axes
  6137 | D:6      | Reached XP level 9. HP: 75/75 MP: 8/8
  6213 | D:6      | Reached skill level 3 in Dodging
  6245 | D:6      | Reached **** piety under Trog
  6487 | D:6      | 6487 ||| INVOKING Berserk.
  6610 | D:6      | Reached skill level 7 in Fighting
  6652 | D:6      | Found a burning altar of Makhleb.
  6652 | D:6      | Found an ornate altar of the Wu Jian Council.
  6836 | D:6      | 6836 ||| FLEEEEING.
  6837 | D:6      | 6837 ||| FLEEEEING.
  6838 | D:6      | 6838 ||| FLEEEEING.
  6839 | D:6      | 6839 ||| FLEEEEING.
  6840 | D:6      | 6840 ||| FLEEEEING.
  6841 | D:6      | 6841 ||| FLEEEEING.
  6842 | D:6      | 6842 ||| FLEEEEING.
  6850 | D:6      | 6850 ||| FLEEEEING.
  6860 | D:6      | 6860 ||| STAIRDANCE
  6904 | D:5      | 6904 ||| DRINKING 2 brown potions.
  7005 | D:5      | 7005 ||| DROPPING potion of ambrosia.
  7037 | D:6      | Found a staircase to the Ecumenical Temple.
  7126 | D:7      | Reached skill level 6 in Armour
  7306 | D:7      | 7306 ||| INVOKING Berserk.
  7418 | D:7      | Found an opulent altar of Gozag.
  7460 | D:7      | Found Oshronte's Antique Armour Emporium.
  7463 | D:7      | 7463 ||| SHOPLISTING brightly glowing plate armour (812
                  | gold, have 367).
  7463 | D:7      | 7463 ||| SHOPLISTING glowing plate armour (754 gold, have
                  | 367).
  7463 | D:7      | 7463 ||| BUYING spiked chain mail (275 gold).
  7463 | D:7      | Bought a spiked chain mail for 275 gold pieces
  7463 | D:7      | Identified the +8 chain mail of Free Expression {Will+}
                  | (You bought it in a shop on level 7 of the Dungeon)
  7533 | D:7      | 7533 ||| READING scroll of enchant weapon.
  7533 | D:7      | 7533 ||| ENCHANTING +0 war axe.
  7823 | D:7      | 7823 ||| INVOKING Berserk.
  7997 | D:7      | 7997 ||| Stepping ~*~*~tactically~*~*~ (hiding).
  8139 | D:7      | Found Runaq's General Store.
  8177 | D:7      | 8177 ||| BUYING potion of heal wounds (75 gold).
  8177 | D:7      | Bought a potion of heal wounds for 75 gold pieces
  8177 | D:7      | 8177 ||| SHOPLISTING scroll of teleportation (45 gold, have
                  | 39).
  8227 | D:7      | 8227 ||| UPGRADING to +8 chain mail of Free Expression
                  | {Will+}.
  8237 | D:7      | 8237 ||| DROPPING +0 plate armour.
  8238 | D:7      | 8238 ||| READING scroll labelled XELUTU ZAI.
  8239 | D:7      | 8239 ||| READING scroll labelled KAANIAC OCAQ YSO.
  8240 | D:7      | 8240 ||| DROPPING +0 flail.
  8241 | D:7      | 8241 ||| READING scroll labelled ECANIC XUQI.
  8242 | D:7      | 8242 ||| READING 6 scrolls of teleportation.
  8315 | D:8      | 8315 ||| FLEEEEING.
  8316 | D:8      | 8316 ||| FLEEEEING.
  8317 | D:8      | 8317 ||| STAIRDANCE
  8436 | D:8      | 8436 ||| INVOKING Berserk.
  8441 | D:8      | Reached skill level 8 in Fighting
  8459 | D:8      | 8459 ||| FLEEEEING.
  8460 | D:8      | 8460 ||| FLEEEEING.
  8461 | D:8      | 8461 ||| FLEEEEING.
  8462 | D:8      | 8462 ||| STAIRDANCE
  8603 | D:8      | 8603 ||| FLEEEEING.
  8604 | D:8      | 8604 ||| FLEEEEING.
  8605 | D:8      | 8605 ||| FLEEEEING.
  8606 | D:8      | 8606 ||| FLEEEEING.
  8607 | D:8      | 8607 ||| FLEEEEING.
  8616 | D:8      | 8616 ||| STAIRDANCE
  8674 | D:7      | 8674 ||| READING scroll labelled XABLUK XUOXT.
  8678 | D:8      | 8678 ||| Stepping ~*~*~tactically~*~*~ (cloud).
  8682 | D:8      | 8682 ||| INVOKING Berserk.
  8830 | D:8      | Identified the +2 cloak "Iwaif" {Int+4}
  8885 | D:8      | Found Adibius's Book Boutique.
  8929 | D:8      | Noticed Prince Ribbit
  8946 | D:8      | 8946 ||| INVOKING Berserk.
  8949 | D:8      | Killed Prince Ribbit
  9105 | D:8      | 9105 ||| Stepping ~*~*~tactically~*~*~ (hiding).
  9110 | D:8      | 9110 ||| INVOKING Berserk.
  9187 | D:8      | 9187 ||| READING scroll of enchant armour.
  9187 | D:8      | 9187 ||| ENCHANTING +0 cloak.
  9338 | D:8      | 9338 ||| UPGRADING to +2 cloak "Iwaif" {Int+4}.
  9348 | D:8      | 9348 ||| DROPPING +1 cloak.
  9349 | D:8      | 9349 ||| READING scroll labelled LAIDODEURE.
  9349 | D:8      | Identified a scroll of acquirement
  9349 | D:8      | 9349 ||| ACQUIRING +2 pair of boots "Juatoel" {Drain rF++
                  | Dex+4}
  9349 | D:8      | Acquired the +2 pair of boots "Juatoel" {Drain rF++ Dex+4}
  9351 | D:8      | 9351 ||| UPGRADING to +2 pair of boots "Juatoel" {Drain
                  | rF++ Dex+4}.
  9356 | D:8      | 9356 ||| READING 2 scrolls of identify.
  9356 | D:8      | 9356 ||| IDENTIFYING glowing puce potion
  9357 | D:8      | 9357 ||| DROPPING potion of berserk rage.
  9400 | D:9      | Found Joetoli's Antique Weapon Boutique.
  9403 | D:9      | 9403 ||| SHOPLISTING runed broad axe (182 gold, have 143).
  9425 | D:9      | Reached XP level 10. HP: 77/88 MP: 9/9
  9513 | D:9      | Found a bloodstained altar of Trog.
  9515 | D:9      | Found a stormy altar of Qazlal.
  9540 | D:9      | Found Emoruhab's Armour Boutique.
  9551 | D:9      | 9551 ||| SHOPLISTING +0 pair of gloves "Cityklot" {Regen+}
                  | (172 gold, have 155).
  9616 | D:9      | 9616 ||| Stepping ~*~*~tactically~*~*~ (hiding).
  9789 | D:9      | Found a staircase to the Lair.
  9911 | D:9      | Reached skill level 15 in Axes
 10085 | D:9      | Noticed Psyche
 10087 | D:9      | 10087 ||| Stepping ~*~*~tactically~*~*~ (stealth).
 10088 | D:9      | 10088 ||| INVOKING Berserk.
 10091 | D:9      | Killed Psyche
 10103 | D:9      | Reached skill level 9 in Fighting
 10200 | D:9      | 10200 ||| Stepping ~*~*~tactically~*~*~ (stealth).
 10203 | D:9      | 10203 ||| INVOKING Berserk.
 10364 | D:9      | 10364 ||| PLANNING LAIR
 10364 | D:9      | 10364 ||| READING scroll labelled MOAPPA GAYCAOSK.
 10365 | D:9      | 10365 ||| READING scroll labelled WOFIJA IDOSE.
 10472 | Lair:1   | Entered Level 1 of the Lair of Beasts
 10472 | Lair:1   | Noticed Urug
 10478 | Lair:1   | 10478 ||| INVOKING Berserk.
 10485 | Lair:1   | Killed Urug
 10582 | Lair:1   | Identified the +4 mace "Zaamnusk" {spect, rN+ Int+4 Dex+4}
 10678 | Lair:1   | 10678 ||| READING scroll of enchant weapon.
 10678 | Lair:1   | 10678 ||| ENCHANTING +1 war axe of flaming.
 10708 | Lair:1   | Reached skill level 3 in Throwing
 10808 | Lair:1   | Noticed a cane toad
 10808 | Lair:1   | Noticed a four-headed hydra
 10811 | Lair:1   | 10811 ||| INVOKING Berserk.
 10813 | Lair:1   | Killed a two-headed hydra
 10814 | Lair:1   | Reached XP level 11. HP: 97/97 MP: 10/10
 11382 | Lair:1   | 11382 ||| DROPPING amulet of faith.
 11383 | Lair:1   | 11383 ||| READING scroll labelled JIPNUR ODWUJ.
 11384 | Lair:1   | 11384 ||| DRINKING 2 viscous ruby potions.
 11418 | Lair:2   | Noticed a catoblepas
 11419 | Lair:2   | 11419 ||| INVOKING Berserk.
 11421 | Lair:2   | Killed a catoblepas
 11422 | Lair:2   | Reached skill level 6 in Dodging
 11426 | Lair:2   | 11426 ||| STAIRDANCE
 11570 | Lair:2   | 11570 ||| INVOKING Berserk.
 11698 | Lair:2   | 11698 ||| INVOKING Berserk.
 11831 | Lair:2   | Found a staircase to the Snake Pit.
 11842 | Lair:2   | 11842 ||| INVOKING Berserk.
 11844 | Lair:2   | Reached skill level 10 in Fighting
 12088 | Lair:2   | 12088 ||| INVOKING Berserk.
 12209 | Lair:2   | 12209 ||| INVOKING Berserk.
 12360 | Lair:2   | 12360 ||| INVOKING Berserk.
 12494 | Lair:2   | 12494 ||| INVOKING Berserk.
 12798 | Lair:2   | 12798 ||| INVOKING Berserk.
 13015 | Lair:2   | 13015 ||| READING scroll labelled CULYEZX YNKI.
 13116 | Lair:2   | 13116 ||| DRINKING 2 fizzy dark potions.
 13117 | Lair:2   | 13117 ||| READING 3 scrolls of identify.
 13117 | Lair:2   | 13117 ||| IDENTIFYING glowing clear potion
 13118 | Lair:2   | 13118 ||| DROPPING potion of invisibility.
 13126 | Lair:3   | 13126 ||| Stepping ~*~*~tactically~*~*~ (hiding).
 13187 | Lair:3   | 13187 ||| INVOKING Berserk.
 13335 | Lair:3   | 13335 ||| INVOKING Berserk.
 13340 | Lair:3   | Reached skill level 11 in Fighting
 13466 | Lair:3   | 13466 ||| INVOKING Berserk.
 13613 | Lair:3   | 13613 ||| Stepping ~*~*~tactically~*~*~ (stealth).
 13626 | Lair:3   | 13626 ||| Stepping ~*~*~tactically~*~*~ (stealth).
 13629 | Lair:3   | 13629 ||| FLEEEEING.
 13630 | Lair:3   | 13630 ||| FLEEEEING.
 13631 | Lair:3   | 13631 ||| FLEEEEING.
 13632 | Lair:3   | 13632 ||| FLEEEEING.
 13633 | Lair:3   | 13633 ||| FLEEEEING.
 13634 | Lair:3   | 13634 ||| FLEEEEING.
 13635 | Lair:3   | 13635 ||| FLEEEEING.
 13636 | Lair:3   | 13636 ||| FLEEEEING.
 13637 | Lair:3   | 13637 ||| FLEEEEING.
 13638 | Lair:3   | 13638 ||| FLEEEEING.
 13639 | Lair:3   | 13639 ||| FLEEEEING.
 13640 | Lair:3   | 13640 ||| FLEEEEING.
 13641 | Lair:3   | 13641 ||| FLEEEEING.
 13642 | Lair:3   | 13642 ||| FLEEEEING.
 13643 | Lair:3   | 13643 ||| FLEEEEING.
 13644 | Lair:3   | 13644 ||| FLEEEEING.
 13645 | Lair:3   | 13645 ||| FLEEEEING.
 13646 | Lair:3   | 13646 ||| FLEEEEING.
 13647 | Lair:3   | 13647 ||| FLEEEEING.
 13648 | Lair:3   | 13648 ||| FLEEEEING.
 13649 | Lair:3   | 13649 ||| FLEEEEING.
 13650 | Lair:3   | 13650 ||| FLEEEEING.
 13651 | Lair:3   | 13651 ||| FLEEEEING.
 13652 | Lair:3   | 13652 ||| FLEEEEING.
 13653 | Lair:3   | 13653 ||| FLEEEEING.
 13654 | Lair:3   | 13654 ||| FLEEEEING.
 13655 | Lair:3   | 13655 ||| FLEEEEING.
 13656 | Lair:3   | 13656 ||| FLEEEEING.
 13657 | Lair:3   | 13657 ||| FLEEEEING.
 13658 | Lair:3   | 13658 ||| FLEEEEING.
 13659 | Lair:3   | 13659 ||| FLEEEEING.
 13660 | Lair:3   | 13660 ||| FLEEEEING.
 13661 | Lair:3   | 13661 ||| FLEEEEING.
 13662 | Lair:3   | 13662 ||| FLEEEEING.
 13663 | Lair:3   | 13663 ||| FLEEEEING.
 13664 | Lair:3   | 13664 ||| FLEEEEING.
 13665 | Lair:3   | 13665 ||| FLEEEEING.
 13666 | Lair:3   | 13666 ||| FLEEEEING.
 13667 | Lair:3   | 13667 ||| FLEEEEING.
 13680 | Lair:3   | Reached skill level 9 in Armour
 13741 | Lair:3   | Noticed a seven-headed hydra
 13742 | Lair:3   | 13742 ||| FLEEEEING.
 13743 | Lair:3   | 13743 ||| FLEEEEING.
 13747 | Lair:3   | 13747 ||| FLEEEEING.
 13748 | Lair:3   | 13748 ||| FLEEEEING.
 13751 | Lair:3   | 13751 ||| INVOKING Berserk.
 13754 | Lair:3   | Killed a four-headed hydra
 13760 | Lair:3   | Noticed an eight-headed hydra
 13768 | Lair:3   | Killed a five-headed hydra
 13769 | Lair:3   | Reached skill level 12 in Fighting
 13772 | Lair:3   | HP: 24/104 [hell rat (8)]
 13773 | Lair:3   | 13773 ||| READING 6 scrolls of teleportation.
 13774 | Lair:3   | 13774 ||| DRINKING 2 potions of heal wounds.
 14078 | Lair:3   | Reached XP level 12. HP: 80/111 MP: 11/11
 14230 | Lair:3   | Found a staircase to the Shoals.
 14249 | Lair:3   | 14249 ||| Stepping ~*~*~tactically~*~*~ (stealth).
 14586 | Lair:3   | 14586 ||| Stepping ~*~*~tactically~*~*~ (stealth).
 14588 | Lair:3   | 14588 ||| Stepping ~*~*~tactically~*~*~ (hiding).
 14591 | Lair:3   | 14591 ||| INVOKING Berserk.
 14768 | Lair:3   | 14768 ||| INVOKING Berserk.
 14915 | Lair:3   | 14915 ||| DRINKING potion of cancellation.
 14948 | Lair:3   | 14948 ||| FLEEEEING.
 14958 | Lair:3   | 14958 ||| FLEEEEING.
 14959 | Lair:3   | 14959 ||| FLEEEEING.
 15072 | Lair:3   | 15072 ||| READING scroll labelled CUAPOR OCHEA.
 15073 | Lair:3   | 15073 ||| READING 3 scrolls labelled REON TESEYM.
 15074 | Lair:3   | 15074 ||| READING 2 scrolls of identify.
 15074 | Lair:3   | 15074 ||| IDENTIFYING sedimented purple potion
 15088 | Lair:3   | 15088 ||| FLEEEEING.
 15094 | Lair:3   | 15094 ||| FLEEEEING.
 15095 | Lair:3   | 15095 ||| FLEEEEING.
 15096 | Lair:3   | 15096 ||| FLEEEEING.
 15097 | Lair:3   | 15097 ||| FLEEEEING.
 15098 | Lair:3   | 15098 ||| DROPPING 2 scrolls of magic mapping.
 15112 | Lair:3   | 15112 ||| Stepping ~*~*~tactically~*~*~ (stealth).
 15158 | Lair:4   | 15158 ||| Stepping ~*~*~tactically~*~*~ (stealth).
 15160 | Lair:4   | 15160 ||| Stepping ~*~*~tactically~*~*~ (stealth).
 15210 | Lair:4   | Noticed a seven-headed hydra
 15211 | Lair:4   | 15211 ||| INVOKING Berserk.
 15215 | Lair:4   | Killed a three-headed hydra
 15253 | Lair:4   | 15253 ||| Stepping ~*~*~tactically~*~*~ (stealth).
 15505 | Lair:4   | 15505 ||| INVOKING Berserk.
 15507 | Lair:4   | Reached skill level 13 in Fighting
 15660 | Lair:4   | 15660 ||| Stepping ~*~*~tactically~*~*~ (stealth).
 15662 | Lair:4   | 15662 ||| INVOKING Berserk.
 15682 | Lair:4   | 15682 ||| Stepping ~*~*~tactically~*~*~ (stealth).
 15683 | Lair:4   | 15683 ||| Stepping ~*~*~tactically~*~*~ (stealth).
 15834 | Lair:4   | Noticed a five-headed hydra
 15837 | Lair:4   | 15837 ||| INVOKING Berserk.
 15841 | Lair:4   | Killed a two-headed hydra
 16034 | Lair:4   | Noticed a five-headed hydra
 16035 | Lair:4   | 16035 ||| INVOKING Berserk.
 16040 | Lair:4   | Killed a two-headed hydra
 16535 | Lair:5   | Entered Level 5 of the Lair of Beasts
 16538 | Lair:5   | 16538 ||| STAIRDANCE
 16643 | Lair:5   | 16643 ||| STAIRDANCE
 16645 | Lair:4   | 16645 ||| INVOKING Berserk.
 16779 | Lair:5   | Noticed an eight-headed hydra
 16780 | Lair:5   | 16780 ||| STAIRDANCE
 16782 | Lair:4   | 16782 ||| INVOKING Berserk.
 16783 | Lair:4   | Reached skill level 9 in Dodging
 16912 | Lair:5   | 16912 ||| STAIRDANCE
 16914 | Lair:4   | 16914 ||| INVOKING Berserk.
 16919 | Lair:4   | Reached skill level 6 in Throwing
 16975 | Lair:5   | Noticed a boulder beetle
 16976 | Lair:5   | 16976 ||| STAIRDANCE
 16978 | Lair:4   | 16978 ||| INVOKING Berserk.
 16984 | Lair:4   | Killed a three-headed hydra
 16985 | Lair:4   | Reached skill level 14 in Fighting
 17253 | Lair:5   | 17253 ||| STAIRDANCE
 17441 | Lair:5   | 17441 ||| INVOKING Berserk.
 17455 | Lair:5   | Reached XP level 13. HP: 124/124 MP: 12/12
 17486 | Lair:5   | 17486 ||| FLEEEEING.
 17489 | Lair:5   | 17489 ||| FLEEEEING.
 17491 | Lair:5   | 17491 ||| STAIRDANCE
 17542 | Lair:5   | 17542 ||| Stepping ~*~*~tactically~*~*~ (stealth).
 17597 | Lair:5   | Found a staircase to the Slime Pits.
 17598 | Lair:5   | Found a viscous altar of Jiyva.
 17652 | Lair:5   | Identified the +9 dagger "Tecatoi" {flame, rN+ Will++ rCorr
                  | Dex-5}
 17680 | Lair:5   | 17680 ||| Stepping ~*~*~tactically~*~*~ (hiding).
 17710 | Lair:5   | 17710 ||| Stepping ~*~*~tactically~*~*~ (stealth).
 17730 | Lair:5   | 17730 ||| Stepping ~*~*~tactically~*~*~ (stealth).
 17731 | Lair:5   | 17731 ||| Stepping ~*~*~tactically~*~*~ (stealth).
 17744 | Lair:5   | 17744 ||| Stepping ~*~*~tactically~*~*~ (stealth).
 17745 | Lair:5   | 17745 ||| Stepping ~*~*~tactically~*~*~ (stealth).
 17752 | Lair:5   | 17752 ||| INVOKING Berserk.
 17777 | Lair:5   | 17777 ||| Stepping ~*~*~tactically~*~*~ (stealth).
 17840 | Lair:5   | 17840 ||| Stepping ~*~*~tactically~*~*~ (stealth).
 17848 | Lair:5   | 17848 ||| Stepping ~*~*~tactically~*~*~ (stealth).
 17850 | Lair:5   | 17850 ||| Stepping ~*~*~tactically~*~*~ (stealth).
 17885 | Lair:5   | 17885 ||| Stepping ~*~*~tactically~*~*~ (stealth).
 17892 | Lair:5   | 17892 ||| Stepping ~*~*~tactically~*~*~ (stealth).
 18043 | Lair:5   | 18043 ||| Stepping ~*~*~tactically~*~*~ (stealth).
 18045 | Lair:5   | 18045 ||| Stepping ~*~*~tactically~*~*~ (hiding).
 18048 | Lair:5   | 18048 ||| INVOKING Berserk.
 18053 | Lair:5   | Reached skill level 15 in Fighting
 18102 | Lair:5   | 18102 ||| Stepping ~*~*~tactically~*~*~ (stealth).
 18111 | Lair:5   | 18111 ||| INVOKING Berserk.
 18114 | Lair:5   | Reached ***** piety under Trog
 18129 | Lair:5   | 18129 ||| Stepping ~*~*~tactically~*~*~ (stealth).
 18132 | Lair:5   | 18132 ||| INVOKING Brothers in Arms.
 18243 | Lair:5   | 18243 ||| Stepping ~*~*~tactically~*~*~ (stealth).
 18255 | Lair:5   | 18255 ||| INVOKING Berserk.
 18409 | Lair:5   | 18409 ||| INVOKING Berserk.
 18561 | Lair:5   | 18561 ||| Stepping ~*~*~tactically~*~*~ (hiding).
 18700 | Lair:5   | Paralysed by a hornet for 3 turns
 18705 | Lair:5   | 18705 ||| INVOKING Berserk.
 18707 | Lair:5   | HP: 42/189 [hornet (10)]
 18710 | Lair:5   | Reached skill level 12 in Armour
 18712 | Lair:5   | HP: 21/189 [poisoned by a hornet]
 18757 | Lair:5   | 18757 ||| FLEEEEING.
 18758 | Lair:5   | 18758 ||| FLEEEEING.
 18763 | Lair:5   | 18763 ||| FLEEEEING.
 18764 | Lair:5   | 18764 ||| FLEEEEING.
 18766 | Lair:5   | 18766 ||| STAIRDANCE
 19067 | Lair:4   | 19067 ||| UPGRADING to amulet of guardian spirit.
 19072 | Lair:4   | 19072 ||| DROPPING +6 ring of intelligence.
 19073 | Lair:4   | 19073 ||| READING 3 scrolls of identify.
 19073 | Lair:4   | 19073 ||| IDENTIFYING viscous orange potion
 19074 | Lair:4   | 19074 ||| DROPPING potion of magic.
 19143 | Lair:5   | 19143 ||| FLEEEEING.
 19144 | Lair:5   | 19144 ||| FLEEEEING.
 19145 | Lair:5   | 19145 ||| FLEEEEING.
 19146 | Lair:5   | 19146 ||| FLEEEEING.
 19147 | Lair:5   | 19147 ||| FLEEEEING.
 19148 | Lair:5   | 19148 ||| FLEEEEING.
 19149 | Lair:5   | 19149 ||| FLEEEEING.
 19150 | Lair:5   | 19150 ||| FLEEEEING.
 19152 | Lair:5   | 19152 ||| INVOKING Berserk.
 19253 | Lair:5   | 19253 ||| Stepping ~*~*~tactically~*~*~ (stealth).
 19267 | Lair:5   | 19267 ||| FLEEEEING.
 19275 | Lair:5   | 19275 ||| STAIRDANCE
 19340 | Lair:5   | 19340 ||| FLEEEEING.
 19341 | Lair:5   | 19341 ||| FLEEEEING.
 19342 | Lair:5   | 19342 ||| FLEEEEING.
 19343 | Lair:5   | 19343 ||| FLEEEEING.
 19344 | Lair:5   | 19344 ||| FLEEEEING.
 19347 | Lair:5   | 19347 ||| INVOKING Berserk.
 19517 | Lair:5   | 19517 ||| FLEEEEING.
 19519 | Lair:5   | 19519 ||| FLEEEEING.
 19520 | Lair:5   | 19520 ||| FLEEEEING.
 19521 | Lair:5   | 19521 ||| FLEEEEING.
 19522 | Lair:5   | 19522 ||| FLEEEEING.
 19523 | Lair:5   | 19523 ||| FLEEEEING.
 19524 | Lair:5   | 19524 ||| Stepping ~*~*~tactically~*~*~ (stealth).
 19529 | Lair:5   | 19529 ||| INVOKING Berserk.
 19658 | Lair:5   | 19658 ||| Stepping ~*~*~tactically~*~*~ (hiding).
 19661 | Lair:5   | 19661 ||| INVOKING Berserk.
 19710 | Lair:5   | 19710 ||| FLEEEEING.
 19711 | Lair:5   | 19711 ||| FLEEEEING.
 19715 | Lair:5   | 19715 ||| FLEEEEING.
 19716 | Lair:5   | 19716 ||| FLEEEEING.
 19717 | Lair:5   | 19717 ||| FLEEEEING.
 19718 | Lair:5   | 19718 ||| FLEEEEING.
 19719 | Lair:5   | 19719 ||| FLEEEEING.
 19720 | Lair:5   | 19720 ||| FLEEEEING.
 19721 | Lair:5   | 19721 ||| FLEEEEING.
 19722 | Lair:5   | 19722 ||| FLEEEEING.
 19723 | Lair:5   | 19723 ||| FLEEEEING.
 19724 | Lair:5   | 19724 ||| FLEEEEING.
 19725 | Lair:5   | 19725 ||| FLEEEEING.
 19727 | Lair:5   | 19727 ||| FLEEEEING.
 19728 | Lair:5   | 19728 ||| FLEEEEING.
 19729 | Lair:5   | 19729 ||| FLEEEEING.
 19730 | Lair:5   | 19730 ||| FLEEEEING.
 19731 | Lair:5   | 19731 ||| FLEEEEING.
 19732 | Lair:5   | 19732 ||| FLEEEEING.
 19733 | Lair:5   | 19733 ||| FLEEEEING.
 19734 | Lair:5   | 19734 ||| STAIRDANCE
 19738 | Lair:5   | 19738 ||| INVOKING Berserk.
 19747 | Lair:5   | 19747 ||| STAIRDANCE
 19974 | Lair:5   | 19974 ||| FLEEEEING.
 19975 | Lair:5   | 19975 ||| FLEEEEING.
 19976 | Lair:5   | 19976 ||| FLEEEEING.
 19977 | Lair:5   | 19977 ||| FLEEEEING.
 19978 | Lair:5   | 19978 ||| FLEEEEING.
 19979 | Lair:5   | 19979 ||| FLEEEEING.
 19980 | Lair:5   | 19980 ||| FLEEEEING.
 19981 | Lair:5   | 19981 ||| FLEEEEING.
 19982 | Lair:5   | 19982 ||| FLEEEEING.
 19983 | Lair:5   | 19983 ||| FLEEEEING.
 19984 | Lair:5   | 19984 ||| FLEEEEING.
 19985 | Lair:5   | 19985 ||| FLEEEEING.
 19986 | Lair:5   | 19986 ||| FLEEEEING.
 19987 | Lair:5   | 19987 ||| FLEEEEING.
 19988 | Lair:5   | 19988 ||| FLEEEEING.
 19989 | Lair:5   | 19989 ||| FLEEEEING.
 19990 | Lair:5   | 19990 ||| FLEEEEING.
 19991 | Lair:5   | 19991 ||| FLEEEEING.
 19992 | Lair:5   | 19992 ||| FLEEEEING.
 19993 | Lair:5   | 19993 ||| STAIRDANCE
 19997 | Lair:5   | 19997 ||| STAIRDANCE
 20001 | Lair:5   | 20001 ||| INVOKING Berserk.
 20004 | Lair:5   | Reached skill level 16 in Fighting
 20008 | Lair:5   | 20008 ||| STAIRDANCE
 20181 | Lair:5   | Found a runed translucent door.
 20182 | Lair:5   | Noticed a fire dragon
 20295 | Lair:5   | 20295 ||| Stepping ~*~*~tactically~*~*~ (stealth).
 20510 | Lair:5   | 20510 ||| UPGRADING to +0 pair of gloves.
 20515 | Lair:5   | 20515 ||| PLANNING D:1-11
 20734 | D:10     | Entered Level 10 of the Dungeon
 20744 | D:10     | 20744 ||| READING scroll of acquirement.
 20744 | D:10     | 20744 ||| ACQUIRING +1 hat
 20744 | D:10     | Acquired a +1 hat
 20746 | D:10     | 20746 ||| UPGRADING to +1 hat.
 20969 | D:10     | 20969 ||| Stepping ~*~*~tactically~*~*~ (hiding).
 20986 | D:10     | 20986 ||| READING scroll of enchant armour.
 20986 | D:10     | 20986 ||| ENCHANTING +0 pair of gloves.
 20989 | D:10     | 20989 ||| READING scroll of enchant armour.
 20989 | D:10     | 20989 ||| ENCHANTING +1 pair of gloves.
 21033 | D:10     | 21033 ||| Stepping ~*~*~tactically~*~*~ (stealth).
 21035 | D:10     | 21035 ||| Stepping ~*~*~tactically~*~*~ (stealth).
 21037 | D:10     | 21037 ||| Stepping ~*~*~tactically~*~*~ (stealth).
 21048 | D:10     | 21048 ||| Stepping ~*~*~tactically~*~*~ (stealth).
 21053 | D:10     | 21053 ||| Stepping ~*~*~tactically~*~*~ (stealth).
 21055 | D:10     | 21055 ||| Stepping ~*~*~tactically~*~*~ (stealth).
 21062 | D:10     | 21062 ||| Stepping ~*~*~tactically~*~*~ (stealth).
 21064 | D:10     | 21064 ||| Stepping ~*~*~tactically~*~*~ (hiding).
 21065 | D:10     | 21065 ||| Stepping ~*~*~tactically~*~*~ (hiding).
 21066 | D:10     | 21066 ||| Stepping ~*~*~tactically~*~*~ (hiding).
 21068 | D:10     | 21068 ||| Stepping ~*~*~tactically~*~*~ (hiding).
 21069 | D:10     | 21069 ||| Stepping ~*~*~tactically~*~*~ (stealth).
 21082 | D:10     | 21082 ||| Stepping ~*~*~tactically~*~*~ (stealth).
 21084 | D:10     | 21084 ||| Stepping ~*~*~tactically~*~*~ (stealth).
 21103 | D:10     | 21103 ||| Stepping ~*~*~tactically~*~*~ (stealth).
 21108 | D:10     | 21108 ||| Stepping ~*~*~tactically~*~*~ (stealth).
 21112 | D:10     | 21112 ||| Stepping ~*~*~tactically~*~*~ (stealth).
 21123 | D:10     | Found a staircase to the Orcish Mines.
 21127 | D:10     | 21127 ||| Stepping ~*~*~tactically~*~*~ (stealth).
 21137 | D:10     | 21137 ||| Stepping ~*~*~tactically~*~*~ (stealth).
 21165 | D:10     | 21165 ||| Stepping ~*~*~tactically~*~*~ (stealth).
 21170 | D:10     | 21170 ||| Stepping ~*~*~tactically~*~*~ (stealth).
 21188 | D:10     | 21188 ||| Stepping ~*~*~tactically~*~*~ (stealth).
 21217 | D:10     | 21217 ||| Stepping ~*~*~tactically~*~*~ (stealth).
 21277 | D:10     | 21277 ||| Stepping ~*~*~tactically~*~*~ (stealth).
 21279 | D:10     | 21279 ||| Stepping ~*~*~tactically~*~*~ (hiding).
 21281 | D:10     | 21281 ||| Stepping ~*~*~tactically~*~*~ (hiding).
 21290 | D:10     | 21290 ||| Stepping ~*~*~tactically~*~*~ (stealth).
 21404 | D:10     | 21404 ||| Stepping ~*~*~tactically~*~*~ (stealth).
 21433 | D:10     | 21433 ||| INVOKING Berserk.
 21879 | D:11     | Found Oduo's Antique Armour Shoppe.
 21937 | D:11     | Found Wemir's Assorted Antiques.
 21942 | D:11     | 21942 ||| BUYING scroll of teleportation (99 gold).
 21942 | D:11     | Bought a scroll of teleportation for 99 gold pieces
 21942 | D:11     | Noticed Lodul
 21943 | D:11     | 21943 ||| INVOKING Brothers in Arms.
 21976 | D:11     | HP: 15/128 [Lodul/bolt of lightning (24)]
 21977 | D:11     | 21977 ||| READING 7 scrolls of teleportation.
 21978 | D:11     | 21978 ||| DRINKING 2 potions of heal wounds.
 21981 | D:11     | Found the +4 skin of Zhor {*Englaciate rC+++ SInv}
 22322 | D:11     | Found Luunlupn's General Store.
 22325 | D:11     | 22325 ||| Stepping ~*~*~tactically~*~*~ (hiding).
 22329 | D:11     | 22329 ||| INVOKING Brothers in Arms.
 22330 | D:11     | 22330 ||| INVOKING Berserk.
 22333 | D:11     | Killed Lodul
 22336 | D:11     | Reached XP level 14. HP: 137/137 MP: 13/13
 22448 | D:11     | 22448 ||| BUYING 2 potions of cancellation (272 gold).
 22448 | D:11     | Bought 2 potions of cancellation for 272 gold pieces
 22448 | D:11     | 22448 ||| BUYING potion of curing (51 gold).
 22448 | D:11     | Bought a potion of curing for 51 gold pieces
 22448 | D:11     | 22448 ||| BUYING potion of mutation (136 gold).
 22448 | D:11     | Bought a potion of mutation for 136 gold pieces
 22567 | D:11     | 22567 ||| FLEEEEING.
 22581 | D:11     | 22581 ||| FLEEEEING.
 22597 | D:11     | 22597 ||| FLEEEEING.
 22612 | D:11     | 22612 ||| FLEEEEING.
 22613 | D:11     | 22613 ||| FLEEEEING.
 22614 | D:11     | 22614 ||| FLEEEEING.
 22630 | D:11     | 22630 ||| FLEEEEING.
 22631 | D:11     | 22631 ||| FLEEEEING.
 22633 | D:11     | 22633 ||| FLEEEEING.
 22650 | D:11     | 22650 ||| FLEEEEING.
 22651 | D:11     | 22651 ||| FLEEEEING.
 22652 | D:11     | 22652 ||| FLEEEEING.
 22653 | D:11     | 22653 ||| FLEEEEING.
 22654 | D:11     | 22654 ||| FLEEEEING.
 22655 | D:11     | 22655 ||| FLEEEEING.
 22656 | D:11     | 22656 ||| FLEEEEING.
 22659 | D:11     | 22659 ||| STAIRDANCE
 22728 | D:10     | 22728 ||| DRINKING 2 pink potions.
 22729 | D:10     | 22729 ||| DRINKING 3 puce potions.
 22775 | D:10     | 22775 ||| DROPPING potion of degeneration.
 22776 | D:10     | 22776 ||| DROPPING 2 potions of lignification.
 23185 | D:11     | 23185 ||| BUYING glowing plate armour (728 gold).
 23185 | D:11     | Bought a glowing plate armour for 728 gold pieces
 23185 | D:11     | 23185 ||| SHOPLISTING pair of fine boots (266 gold, have
                  | 181).
 23185 | D:11     | 23185 ||| READING 6 scrolls of teleportation.
 23186 | D:11     | 23186 ||| PLANNING D
 23214 | D:12     | Noticed Nergalle
 23228 | D:12     | Killed Nergalle
 23309 | D:12     | 23309 ||| SWAPPING to +1 war axe of electrocution.
 23341 | D:12     | 23341 ||| FLEEEEING.
 23342 | D:12     | 23342 ||| FLEEEEING.
 23343 | D:12     | 23343 ||| FLEEEEING.
 23344 | D:12     | 23344 ||| FLEEEEING.
 23345 | D:12     | 23345 ||| FLEEEEING.
 23346 | D:12     | 23346 ||| FLEEEEING.
 23347 | D:12     | 23347 ||| STAIRDANCE
 23408 | D:12     | 23408 ||| FLEEEEING.
 23409 | D:12     | 23409 ||| FLEEEEING.
 23410 | D:12     | 23410 ||| FLEEEEING.
 23411 | D:12     | 23411 ||| STAIRDANCE
 23464 | D:12     | 23464 ||| STAIRDANCE
 23531 | D:12     | 23531 ||| STAIRDANCE
 23537 | D:12     | 23537 ||| STAIRDANCE
 24066 | D:13     | 24066 ||| Stepping ~*~*~tactically~*~*~ (stealth).
 24068 | D:13     | 24068 ||| Stepping ~*~*~tactically~*~*~ (stealth).
 24112 | D:13     | You fall into a shaft and drop 2 floors!
 24112 | D:15     | Entered Level 15 of the Dungeon
 24144 | D:15     | Reached skill level 17 in Fighting
 24148 | D:15     | Noticed Rupert
 24149 | D:15     | 24149 ||| INVOKING Trog's Hand.
 24150 | D:15     | 24150 ||| INVOKING Brothers in Arms.
 24151 | D:15     | 24151 ||| INVOKING Berserk.
 24159 | D:15     | Killed Rupert
 24313 | D:15     | Found a frozen archway.
 24314 | D:15     | 24314 ||| INVOKING Brothers in Arms.
 24315 | D:15     | 24315 ||| INVOKING Brothers in Arms.
 24317 | D:15     | 24317 ||| Stepping ~*~*~tactically~*~*~ (cloud).
 24356 | D:15     | 24356 ||| INVOKING Brothers in Arms.
 24360 | D:15     | 24360 ||| INVOKING Berserk.
 24360 | D:15     | Noticed Agnes
 24369 | D:15     | Killed Agnes
 24513 | D:15     | 24513 ||| UPGRADING to +0 kite shield.
 24527 | D:14     | Found a shimmering altar of Xom.
 24527 | D:14     | Found a shimmering altar of Xom.
 24528 | D:14     | Found a shimmering altar of Xom.
 24528 | D:14     | Found a shimmering altar of Xom.
 24529 | D:14     | Found a shimmering altar of Xom.
 24529 | D:14     | Found a shimmering altar of Xom.
 24529 | D:14     | Found a shimmering altar of Xom.
 24529 | D:14     | Found a shimmering altar of Xom.
 24530 | D:14     | Found a shimmering altar of Xom.
 24530 | D:14     | Found a shimmering altar of Xom.
 24531 | D:14     | Found a shimmering altar of Xom.
 24554 | D:14     | 24554 ||| Stepping ~*~*~tactically~*~*~ (stealth).
 24555 | D:14     | 24555 ||| Stepping ~*~*~tactically~*~*~ (stealth).
 24558 | D:14     | 24558 ||| Stepping ~*~*~tactically~*~*~ (hiding).
 24559 | D:14     | 24559 ||| Stepping ~*~*~tactically~*~*~ (hiding).
 24580 | D:14     | 24580 ||| Stepping ~*~*~tactically~*~*~ (hiding).
 24586 | D:14     | Reached skill level 1 in Shields
 24706 | D:14     | Noticed Nessos
 24707 | D:14     | 24707 ||| Stepping ~*~*~tactically~*~*~ (hiding).
 24708 | D:14     | 24708 ||| Stepping ~*~*~tactically~*~*~ (hiding).
 24711 | D:14     | 24711 ||| Stepping ~*~*~tactically~*~*~ (hiding).
 24747 | D:14     | 24747 ||| Stepping ~*~*~tactically~*~*~ (hiding).
 24748 | D:14     | 24748 ||| Stepping ~*~*~tactically~*~*~ (hiding).
 24748 | D:14     | HP: 35/140 [poisoned by Nessos]
 24750 | D:14     | 24750 ||| READING 5 scrolls of teleportation.
 24751 | D:14     | 24751 ||| DRINKING potion of heal wounds.
 24752 | D:14     | 24752 ||| INVOKING Berserk.
 24761 | D:14     | HP: 30/140 [centaur warrior (7)]
 24762 | D:14     | 24762 ||| READING 4 scrolls of teleportation.
 24765 | D:14     | Reached skill level 3 in Shields
 24765 | D:14     | 24765 ||| READING 3 scrolls of teleportation.
 24765 | D:14     | HP: 12/140 [cyclops/large rock (3)]
 25338 | D:13     | 25338 ||| Stepping ~*~*~tactically~*~*~ (hiding).
 25344 | D:13     | 25344 ||| Stepping ~*~*~tactically~*~*~ (hiding).
 25513 | D:13     | 25513 ||| Stepping ~*~*~tactically~*~*~ (hiding).
 25553 | D:13     | 25553 ||| Stepping ~*~*~tactically~*~*~ (stealth).
 25657 | D:13     | 25657 ||| Stepping ~*~*~tactically~*~*~ (hiding).
 25661 | D:13     | 25661 ||| INVOKING Trog's Hand.
 25787 | D:13     | 25787 ||| Stepping ~*~*~tactically~*~*~ (hiding).
 25799 | D:13     | Reached skill level 6 in Shields
 26097 | D:13     | 26097 ||| Stepping ~*~*~tactically~*~*~ (hiding).
 26098 | D:13     | 26098 ||| Stepping ~*~*~tactically~*~*~ (hiding).
 26109 | D:13     | 26109 ||| Stepping ~*~*~tactically~*~*~ (stealth).
 26110 | D:13     | 26110 ||| Stepping ~*~*~tactically~*~*~ (stealth).
 26197 | D:14     | Noticed a storm dragon
 26199 | D:14     | 26199 ||| STAIRDANCE
 26223 | D:14     | 26223 ||| STAIRDANCE
 26225 | D:13     | 26225 ||| INVOKING Berserk.
 26313 | D:14     | 26313 ||| STAIRDANCE
 26380 | D:14     | 26380 ||| Stepping ~*~*~tactically~*~*~ (hiding).
 26381 | D:14     | 26381 ||| Stepping ~*~*~tactically~*~*~ (hiding).
 26399 | D:14     | 26399 ||| INVOKING Berserk.
 26428 | D:14     | 26428 ||| Stepping ~*~*~tactically~*~*~ (hiding).
 26429 | D:14     | 26429 ||| Stepping ~*~*~tactically~*~*~ (hiding).
 26441 | D:14     | Killed Nessos
 26443 | D:14     | 26443 ||| FLEEEEING.
 26444 | D:14     | 26444 ||| FLEEEEING.
 26445 | D:14     | 26445 ||| FLEEEEING.
 26446 | D:14     | 26446 ||| FLEEEEING.
 26447 | D:14     | 26447 ||| FLEEEEING.
 26448 | D:14     | 26448 ||| FLEEEEING.
 26449 | D:14     | 26449 ||| FLEEEEING.
 26457 | D:14     | 26457 ||| STAIRDANCE
 26700 | D:13     | 26700 ||| READING scroll labelled UXOUSE BACKEY.
 26903 | D:14     | Reached skill level 9 in Shields
 27246 | D:14     | 27246 ||| Stepping ~*~*~tactically~*~*~ (hiding).
 27291 | D:14     | 27291 ||| Stepping ~*~*~tactically~*~*~ (hiding).
 27302 | D:14     | 27302 ||| Stepping ~*~*~tactically~*~*~ (hiding).
 27335 | D:14     | Identified the +10 falchion "Qitusse" {vamp, Str-3 Int+10
                  | Dex+3}
 27337 | D:14     | 27337 ||| INVOKING Brothers in Arms.
 27340 | D:14     | 27340 ||| SWAPPING to +2 war axe of flaming.
 27341 | D:14     | 27341 ||| INVOKING Berserk.
 27353 | D:14     | 27353 ||| SWAPPING to +1 war axe of electrocution.
 27648 | D:14     | Found a gate to the Vaults.
 27728 | D:15     | Noticed Jorgrun
 27731 | D:15     | 27731 ||| INVOKING Berserk.
 27741 | D:15     | Killed Jorgrun
 27742 | D:15     | Reached XP level 15. HP: 147/147 MP: 11/14
 27811 | D:15     | 27811 ||| Stepping ~*~*~tactically~*~*~ (stealth).
 27847 | D:15     | 27847 ||| Stepping ~*~*~tactically~*~*~ (hiding).
 27848 | D:15     | 27848 ||| Stepping ~*~*~tactically~*~*~ (hiding).
 27852 | D:15     | 27852 ||| Stepping ~*~*~tactically~*~*~ (stealth).
 27892 | D:15     | 27892 ||| SWAPPING to +2 war axe of flaming.
 27900 | D:15     | 27900 ||| SWAPPING to +1 war axe of electrocution.
 28015 | D:15     | HP: 35/147 [centaur warrior/arrow (6)]
 28016 | D:15     | 28016 ||| READING 2 scrolls of teleportation.
 28017 | D:15     | 28017 ||| DRINKING potion of heal wounds.
 28048 | D:15     | HP: 35/147 [centaur warrior/arrow (7)]
 28049 | D:15     | 28049 ||| READING scroll of teleportation.
 28448 | D:15     | 28448 ||| Stepping ~*~*~tactically~*~*~ (stealth).
 28635 | D:15     | 28635 ||| Stepping ~*~*~tactically~*~*~ (hiding).
 28639 | D:15     | 28639 ||| INVOKING Berserk.
 28646 | D:15     | Reached skill level 12 in Shields
 28694 | D:15     | Found a staircase to the Depths.
 28984 | D:15     | 28984 ||| PLANNING ORC
 29131 | Orc:1    | Entered Level 1 of the Orcish Mines
 29143 | Orc:1    | 29143 ||| Stepping ~*~*~tactically~*~*~ (stealth).
 29155 | Orc:1    | Noticed Josephine
 29168 | Orc:1    | Killed Josephine
 29343 | Orc:1    | 29343 ||| Stepping ~*~*~tactically~*~*~ (hiding).
 29345 | Orc:1    | 29345 ||| Stepping ~*~*~tactically~*~*~ (hiding).
 29488 | Orc:1    | 29488 ||| INVOKING Trog's Hand.
 29492 | Orc:1    | 29492 ||| INVOKING Berserk.
 29687 | Orc:1    | 29687 ||| Stepping ~*~*~tactically~*~*~ (hiding).
 29690 | Orc:1    | 29690 ||| Stepping ~*~*~tactically~*~*~ (hiding).
 29693 | Orc:1    | 29693 ||| INVOKING Trog's Hand.
 29695 | Orc:1    | 29695 ||| INVOKING Berserk.
 30033 | Orc:1    | 30033 ||| Stepping ~*~*~tactically~*~*~ (hiding).
 30037 | Orc:1    | 30037 ||| Stepping ~*~*~tactically~*~*~ (hiding).
 30038 | Orc:1    | 30038 ||| Stepping ~*~*~tactically~*~*~ (hiding).
 30479 | Orc:1    | 30479 ||| INVOKING Trog's Hand.
 30480 | Orc:1    | Noticed an orc warlord
 30481 | Orc:1    | 30481 ||| INVOKING Berserk.
 30517 | Orc:1    | Killed an orc warlord
 30626 | Orc:1    | Found the +9 sword of Zonguldrok {reap}
 30630 | Orc:1    | Identified the +3 long sword "Yzxoc" {holy, +Blink rC- rN+}
 30633 | Orc:1    | Identified the +9 morningstar of Fedhas's Envy {vorpal,
                  | rN++ Str-3 Int+2}
 30634 | Orc:1    | Identified the +2 great sword "Remiur" {freeze, +Blink}
 30638 | Orc:1    | 30638 ||| DROPPING +0 war axe of freezing.
 30639 | Orc:1    | Identified the +4 sling of Recklessness {flame, *Slow Fly
                  | Dex+3}
 30679 | Orc:1    | 30679 ||| Stepping ~*~*~tactically~*~*~ (stealth).
 30937 | Orc:2    | Entered Level 2 of the Orcish Mines
 30942 | Orc:2    | 30942 ||| Stepping ~*~*~tactically~*~*~ (hiding).
 30943 | Orc:2    | 30943 ||| Stepping ~*~*~tactically~*~*~ (hiding).
 30946 | Orc:2    | 30946 ||| Stepping ~*~*~tactically~*~*~ (stealth).
 30947 | Orc:2    | Noticed an orc warlord
 30948 | Orc:2    | 30948 ||| INVOKING Trog's Hand.
 30950 | Orc:2    | 30950 ||| Stepping ~*~*~tactically~*~*~ (hiding).
 30958 | Orc:2    | 30958 ||| INVOKING Berserk.
 30966 | Orc:2    | Killed an orc warlord
 30967 | Orc:2    | Reached skill level 15 in Shields
 31085 | Orc:2    | 31085 ||| SWAPPING to +0 broad axe.
 31086 | Orc:2    | 31086 ||| DROPPING +1 war axe of electrocution.
 31133 | Orc:2    | Found Ahomant's Assorted Antiques.
 31142 | Orc:2    | 31142 ||| BUYING potion of mutation (256 gold).
 31142 | Orc:2    | Bought a potion of mutation for 256 gold pieces
 31142 | Orc:2    | 31142 ||| BUYING scroll of enchant armour (240 gold).
 31142 | Orc:2    | Bought a scroll of enchant armour for 240 gold pieces
 31142 | Orc:2    | 31142 ||| BUYING scroll of teleportation (96 gold).
 31142 | Orc:2    | Bought a scroll of teleportation for 96 gold pieces
 31142 | Orc:2    | 31142 ||| READING scroll of enchant armour.
 31142 | Orc:2    | 31142 ||| ENCHANTING +1 hat.
 31169 | Orc:2    | Noticed Saint Roka
 31184 | Orc:2    | 31184 ||| INVOKING Berserk.
 31198 | Orc:2    | Killed Saint Roka
 31217 | Orc:2    | 31217 ||| INVOKING Trog's Hand.
 31393 | Orc:2    | 31393 ||| INVOKING Trog's Hand.
 31396 | Orc:2    | 31396 ||| INVOKING Berserk.
 31538 | Orc:2    | 31538 ||| Stepping ~*~*~tactically~*~*~ (stealth).
 31540 | Orc:2    | 31540 ||| Stepping ~*~*~tactically~*~*~ (hiding).
 31559 | Orc:2    | 31559 ||| Stepping ~*~*~tactically~*~*~ (hiding).
 31560 | Orc:2    | 31560 ||| Stepping ~*~*~tactically~*~*~ (hiding).
 31669 | Orc:2    | 31669 ||| Stepping ~*~*~tactically~*~*~ (hiding).
 31670 | Orc:2    | 31670 ||| Stepping ~*~*~tactically~*~*~ (hiding).
 31672 | Orc:2    | 31672 ||| Stepping ~*~*~tactically~*~*~ (hiding).
 31674 | Orc:2    | 31674 ||| INVOKING Trog's Hand.
 31675 | Orc:2    | 31675 ||| INVOKING Berserk.
 31788 | Orc:2    | 31788 ||| Stepping ~*~*~tactically~*~*~ (hiding).
 31792 | Orc:2    | 31792 ||| Stepping ~*~*~tactically~*~*~ (hiding).
 31811 | Orc:2    | 31811 ||| Stepping ~*~*~tactically~*~*~ (hiding).
 31956 | Orc:2    | Found a staircase to the Elven Halls.
 32012 | Orc:2    | Found an ancient bone altar of Kikubaaqudgha.
 32014 | Orc:2    | 32014 ||| INVOKING Trog's Hand.
 32015 | Orc:2    | 32015 ||| INVOKING Berserk.
 32023 | Orc:2    | Found Jusaaden's Jewellery Shoppe.
 32028 | Orc:2    | 32028 ||| Stepping ~*~*~tactically~*~*~ (stealth).
 32030 | Orc:2    | 32030 ||| Stepping ~*~*~tactically~*~*~ (hiding).
 32031 | Orc:2    | 32031 ||| Stepping ~*~*~tactically~*~*~ (hiding).
 32035 | Orc:2    | Noticed Erolcha
 32036 | Orc:2    | 32036 ||| INVOKING Trog's Hand.
 32048 | Orc:2    | 32048 ||| INVOKING Trog's Hand.
 32053 | Orc:2    | Killed Erolcha
 32171 | Orc:2    | 32171 ||| BUYING +6 ring of dexterity (540 gold).
 32171 | Orc:2    | Bought a +6 ring of dexterity for 540 gold pieces
 32171 | Orc:2    | 32171 ||| BUYING +6 ring of strength (540 gold).
 32171 | Orc:2    | Bought a +6 ring of strength for 540 gold pieces
 32171 | Orc:2    | 32171 ||| SHOPLISTING +6 ring of strength (540 gold, have
                  | 77).
 32171 | Orc:2    | 32171 ||| SHOPLISTING ring of protection from cold (375
                  | gold, have 77).
 32173 | Orc:2    | Found a radiant altar of Vehumet.
 32189 | Orc:2    | Found Neacoiz's Distillery.
 32198 | Orc:2    | 32198 ||| BUYING potion of might (48 gold).
 32198 | Orc:2    | Bought a potion of might for 48 gold pieces
 32198 | Orc:2    | 32198 ||| SHOPLISTING potion of might (48 gold, have 29).
 32198 | Orc:2    | 32198 ||| SHOPLISTING potion of mutation (96 gold, have
                  | 29).
 32198 | Orc:2    | 32198 ||| SHOPLISTING potion of resistance (120 gold, have
                  | 29).
 32225 | Orc:2    | 32225 ||| Stepping ~*~*~tactically~*~*~ (stealth).
 32227 | Orc:2    | 32227 ||| Stepping ~*~*~tactically~*~*~ (stealth).
 32229 | Orc:2    | 32229 ||| Stepping ~*~*~tactically~*~*~ (stealth).
 32231 | Orc:2    | 32231 ||| Stepping ~*~*~tactically~*~*~ (stealth).
 32233 | Orc:2    | Found Naivon's Magic Scroll Emporium.
 32234 | Orc:2    | 32234 ||| INVOKING Trog's Hand.
 32237 | Orc:2    | 32237 ||| INVOKING Berserk.
 32244 | Orc:2    | Found Rifruir's Antique Weapon Shoppe.
 32265 | Orc:2    | 32265 ||| INVOKING Trog's Hand.
 32376 | Orc:2    | 32376 ||| SHOPLISTING scroll of enchant armour (97 gold,
                  | have 29).
 32376 | Orc:2    | 32376 ||| SHOPLISTING scroll of teleportation (39 gold,
                  | have 29).
 32602 | Orc:2    | 32602 ||| PLANNING SNAKE:1-3
 32602 | Orc:2    | 32602 ||| DROPPING ring of ice.
 32603 | Orc:2    | 32603 ||| DROPPING +6 ring of dexterity.
 32604 | Orc:2    | 32604 ||| UPGRADING to +6 ring of strength.
 32867 | Snake:1  | Entered Level 1 of the Snake Pit
 32892 | Snake:1  | 32892 ||| INVOKING Berserk.
 32991 | Snake:1  | 32991 ||| INVOKING Berserk.
 33025 | Snake:1  | 33025 ||| Stepping ~*~*~tactically~*~*~ (stealth).
 33039 | Snake:1  | 33039 ||| INVOKING Berserk.
 33042 | Snake:1  | Reached skill level 18 in Axes
 33245 | Snake:1  | 33245 ||| Stepping ~*~*~tactically~*~*~ (hiding).
 33335 | Snake:1  | 33335 ||| Stepping ~*~*~tactically~*~*~ (stealth).
 33340 | Snake:1  | 33340 ||| INVOKING Berserk.
 33472 | Snake:1  | 33472 ||| INVOKING Berserk.
 33477 | Snake:1  | Reached XP level 16. HP: 92/155 MP: 7/15
 33485 | Snake:1  | HP: 56/232 [salamander/+3 halberd (4)]
 33490 | Snake:1  | HP: 50/232 [poisoned by a naga sharpshooter (splash of
                  | poison)]
 33493 | Snake:1  | 33493 ||| READING scroll of teleportation.
 33494 | Snake:1  | HP: 23/155 [poisoned by a naga ritualist (toxic radiance)]
 33497 | Snake:1  | HP: 10/155 [poisoned by a naga ritualist (toxic radiance)]
 33875 | Snake:1  | 33875 ||| Stepping ~*~*~tactically~*~*~ (hiding).
 33877 | Snake:1  | 33877 ||| INVOKING Berserk.
 33981 | Snake:1  | 33981 ||| Stepping ~*~*~tactically~*~*~ (hiding).
 34285 | Snake:1  | 34285 ||| INVOKING Berserk.
 34307 | Snake:1  | 34307 ||| Stepping ~*~*~tactically~*~*~ (stealth).
 34308 | Snake:1  | 34308 ||| Stepping ~*~*~tactically~*~*~ (stealth).
 34400 | Snake:1  | 34400 ||| INVOKING Berserk.
 34646 | Snake:1  | 34646 ||| INVOKING Berserk.
 35165 | Snake:1  | 35165 ||| INVOKING Berserk.
 35520 | Snake:1  | 35520 ||| READING scroll of brand weapon.
 35520 | Snake:1  | 35520 ||| BRANDING +0 broad axe.
 36076 | Snake:2  | Found a runed translucent door.
 36076 | Snake:2  | Noticed Smee's ghost (adept MiFi)
 36164 | Snake:2  | 36164 ||| Stepping ~*~*~tactically~*~*~ (hiding).
 36166 | Snake:2  | 36166 ||| Stepping ~*~*~tactically~*~*~ (hiding).
 36168 | Snake:2  | 36168 ||| Stepping ~*~*~tactically~*~*~ (hiding).
 36185 | Snake:2  | Reached skill level 18 in Fighting
 36202 | Snake:2  | 36202 ||| Stepping ~*~*~tactically~*~*~ (hiding).
 36203 | Snake:2  | 36203 ||| Stepping ~*~*~tactically~*~*~ (hiding).
 36204 | Snake:2  | 36204 ||| Stepping ~*~*~tactically~*~*~ (hiding).
 36210 | Snake:2  | 36210 ||| INVOKING Berserk.
 36356 | Snake:2  | 36356 ||| INVOKING Berserk.
 36356 | Snake:2  | HP: 47/235 [naga warrior/+0 flail (22)]
 36360 | Snake:2  | HP: 22/235 [poisoned by a naga warrior (splash of poison)]
 36365 | Snake:2  | HP: 10/235 [poisoned by a naga warrior (splash of poison)]
 36368 | Snake:2  | HP: 4/157 [poisoned by a naga warrior (splash of poison)]
 36819 | Snake:2  | 36819 ||| Stepping ~*~*~tactically~*~*~ (hiding).
 36820 | Snake:2  | 36820 ||| Stepping ~*~*~tactically~*~*~ (hiding).
 36821 | Snake:2  | 36821 ||| Stepping ~*~*~tactically~*~*~ (hiding).
 36824 | Snake:2  | 36824 ||| Stepping ~*~*~tactically~*~*~ (hiding).
 37028 | Snake:2  | Found a hazy altar of Hepliaklqana.
 37048 | Snake:2  | 37048 ||| Stepping ~*~*~tactically~*~*~ (hiding).
 37049 | Snake:2  | 37049 ||| Stepping ~*~*~tactically~*~*~ (hiding).
 37052 | Snake:2  | 37052 ||| INVOKING Berserk.
 37113 | Snake:2  | 37113 ||| Stepping ~*~*~tactically~*~*~ (hiding).
 37114 | Snake:2  | 37114 ||| Stepping ~*~*~tactically~*~*~ (stealth).
 37133 | Snake:2  | Reached skill level 15 in Armour
 37237 | Snake:2  | 37237 ||| Stepping ~*~*~tactically~*~*~ (stealth).
 37239 | Snake:2  | 37239 ||| Stepping ~*~*~tactically~*~*~ (stealth).
 37254 | Snake:2  | 37254 ||| Stepping ~*~*~tactically~*~*~ (stealth).
 37393 | Snake:2  | 37393 ||| READING scroll of acquirement.
 37393 | Snake:2  | 37393 ||| ACQUIRING +4 ring of slaying
 37393 | Snake:2  | Acquired a +4 ring of slaying
 37395 | Snake:2  | 37395 ||| DROPPING ring of see invisible.
 37453 | Snake:2  | 37453 ||| Stepping ~*~*~tactically~*~*~ (hiding).
 37816 | Snake:2  | 37816 ||| INVOKING Berserk.
 37841 | Snake:2  | Reached skill level 19 in Fighting
 37957 | Snake:2  | 37957 ||| UPGRADING to +1 kite shield of positive energy.
 37967 | Snake:2  | 37967 ||| DROPPING +0 kite shield.
 37968 | Snake:2  | 37968 ||| DROPPING ring of ice.
 37969 | Snake:2  | 37969 ||| UPGRADING to +4 ring of slaying {mikee}.
 37971 | Snake:2  | 37971 ||| DROPPING +6 ring of dexterity.
 38035 | Snake:3  | 38035 ||| INVOKING Berserk.
 38038 | Snake:3  | HP: 56/240 [asphyx]
 38041 | Snake:3  | HP: 26/240 [poisoned by naga ritualist (concentrated
                  | venom)]
 38044 | Snake:3  | HP: 7/240 [poisoned by naga ritualist (concentrated venom)]
 38045 | Snake:3  | HP: 3/240 [poisoned by naga ritualist (concentrated venom)]
 38046 | Snake:3  | Succumbed to naga ritualist's concentrated venom

Levels and vault maps discovered:
D:1:      amcnicky_arrival_single_pillar, layout_loops_ring,
          corexii_leaking_fountain, hangedman_feature_mirror, minmay_distorted
D:2:      kennysheep_the_goblin_king, layout_basic, basic_ecumenical_altar
D:3:      layout_loops_ring
D:4:      layout_gridville, minmay_goblin_kobold_house, uniq_sigmund
D:5:      layout_gridville, kennysheep_generic_room_15
D:6:      layout_loops_cross, chequers_temple_overflow_statue_of_worship,
          minmay_temple_entry_poolview, uniq_pikel
D:7:      layout_loops_ring, nicolae_gozag_seed_capital, serial_shops,
          nicolae_shop_hallway_stairs, shop, serial_rivers,
          chequers_serial_rivers_room_a, chequers_serial_rivers_large_a,
          chequers_serial_rivers_micro_e, chequers_serial_rivers_marsh,
          chequers_serial_rivers_marsh, chequers_serial_rivers_micro_a,
          dk_vineyard_2
D:8:      layout_rooms, serial_shops, nicolae_lakefront_shop,
          uniq_prince_ribbit1
D:9:      layout_roguey, grunt_temple_overflow_open, erik_lair_dragon,
          serial_shops, nicolae_shop_window_shopping, nicolae_lakefront_shop,
          uniq_psyche
D:10:     layout_roguey, zombieorc1_lemuel, minivault_20
D:11:     layout_basic, serial_shops, nicolae_shop_hallway_stairs, shop,
          nicolae_inconvenience_store, st_stairs_13,
          hellmonk_guarded_unrand_zhor, uniq_lodul
D:12:     layout_cave_pools, ldierk_geyser, columned_hall_lemuel, uniq_nergalle
D:13:     layout_loops_ring, kennysheep_generic_room_3
D:14:     layout_basic, david_vaults_5, dreamdust_mushroom_princess,
          kennysheep_crisscross, xom_shifter_show, uniq_nessos
D:15:     grunt_enter_depths_hoard, layout_small_grid, nicolae_water_bricks,
          portal_ice_cave_entry_ice_statue_two, uniq_rupert, uniq_agnes,
          uniq_jorgrun
Lair:1:   layout_regular_city, grunt_megastairs_2, uniq_urug
Lair:2:   layout_misc_corridors, guppyfry_snake_entry_island
Lair:3:   layout_chaotic_city, minmay_shoals_entry_beasts, nzn_random_ring,
          infiniplex_staircase_pool
Lair:4:   layout_roguey
Lair:5:   wormcave, layout_misc_corridors, hangedman_lair_caniforms_friends,
          slime_entry_1, serial_bayou_lagoon_a
Snake:1:  layout_cave_shapes, nicolae_snake_salamander_zone
Snake:2:  layout_cave_pods, hellmonk_ghost_happy_afterlife, basic_altar,
          grunt_ministairs_8, statue_in_the_mist_lemuel, nicolae_snake_springs
Snake:3:  layout_rooms, grunt_megastairs_1, minmay_shop_grove, uniq_azrael,
          uniq_kirke, uniq_aizul
Orc:1:    giant_chief_lemuel, layout_diamond_mine, uniq_josephine
Orc:2:    kennysheep_orc_mage_school, layout_caves, serial_shops,
          nicolae_shop_trees, uniq_saint_roka

Skill      XL: |  1  2  3  4  5  6  7  8  9 10 11 12 13 14 15 16 |
---------------+-------------------------------------------------+-----
Axes           | 4 5 6 8 9 10 12 14 16 18 | 18.0
Fighting       | 4 5 6 8 9 12 14 16 17 19 | 19.0
Armour         | 3 4 5 6 9 11 13 15 | 15.0
Throwing       | 1 3 4 6 7 |  7.6
Dodging        | 4 5 7 9 10 11 | 11.0
Shields        | 11 15 16 | 16.7

Action                   |  1- 3 |  4- 6 |  7- 9 | 10-12 | 13-15 | 16-18 || total
-------------------------+-------+-------+-------+-------+-------+-------++-------
Melee: Hand axe          |    95 |   112 |   121 |       |       |       ||   328
       Headbutt          |     6 |    16 |    47 |    67 |   273 |    86 ||   495
       War axe           |       |       |   100 |   313 |   842 |       ||  1255
       Punch             |       |       |     1 |     6 |     3 |       ||    10
       Broad axe         |       |       |       |       |   191 |   340 ||   531
Throw: Boomerang         |       |    27 |    48 |       |   120 |    23 ||   218
       Javelin           |       |       |       |    62 |    59 |       ||   121
Invok: Berserk           |     1 |     5 |    11 |    29 |    36 |    10 ||    92
       Brothers in Arms  |       |       |       |       |     7 |       ||     7
       Trog's Hand       |       |       |       |       |    14 |       ||    14
  Use: Scroll            |     1 |     2 |    11 |    10 |    13 |     3 ||    40
       Potion            |       |     1 |     6 |     4 |     5 |       ||    16
 Stab: Distracted        |       |       |       |       |     1 |       ||     1
Armor: Animal skin       |     9 |       |       |       |       |       ||     9
       Ring mail         |    10 |    11 |       |       |       |       ||    21
       Plate armour      |       |    18 |    90 |       |       |       ||   108
       Chain mail        |       |       |    20 |   150 |   469 |   127 ||   766
Dodge: Dodged            |    59 |    30 |    55 |   213 |   521 |   138 ||  1016
Block: Kite shield       |       |       |       |       |   431 |   227 ||   658

Table legend:
 A = Non-vault XP
 B = Vault XP
 C = Vault XP percentage of total XP
 D = Non-vault monster count
 E = Vault monster count
 F = Vault count percentage of total count
                 A         B        C        D         E       F
            +---------+---------+-------+---------+---------+-------
      Total |  121136 |   85760 |  41.5 |     520 |     286 |  35.5
            +---------+---------+-------+---------+---------+-------
        D:1 |      26 |       9 |  25.7 |      18 |       5 |  21.7
        D:2 |      40 |      47 |  54.0 |      17 |       7 |  29.2
        D:3 |     152 |       0 |   0.0 |      25 |       0 |   0.0
        D:4 |     407 |     238 |  36.9 |      29 |       8 |  21.6
        D:5 |     863 |      85 |   9.0 |      19 |       1 |   5.0
        D:6 |     979 |     651 |  39.9 |      18 |       1 |   5.3
        D:7 |     500 |       0 |   0.0 |      12 |       0 |   0.0
        D:8 |    1012 |     277 |  21.5 |       9 |       1 |  10.0
        D:9 |    1492 |    1510 |  50.3 |      17 |       7 |  29.2
       D:10 |    2402 |    2353 |  49.5 |      24 |      30 |  55.6
       D:11 |    2905 |    3383 |  53.8 |      11 |      15 |  57.7
       D:12 |    1899 |     765 |  28.7 |      11 |       1 |   8.3
       D:13 |    9816 |       0 |   0.0 |      26 |       0 |   0.0
       D:14 |    8867 |    7344 |  45.3 |      21 |      11 |  34.4
       D:15 |    7570 |    7735 |  50.5 |      15 |       7 |  31.8
     Lair:1 |    1456 |    2069 |  58.7 |       8 |       3 |  27.3
     Lair:2 |    4445 |     336 |   7.0 |      15 |       2 |  11.8
     Lair:3 |    3831 |    3339 |  46.6 |      19 |       9 |  32.1
     Lair:4 |   12897 |       0 |   0.0 |      35 |       0 |   0.0
     Lair:5 |    4345 |   15974 |  78.6 |      14 |      72 |  83.7
    Snake:1 |   22953 |    9056 |  28.3 |      46 |      17 |  27.0
    Snake:2 |   21301 |    8030 |  27.4 |      41 |      13 |  24.1
    Snake:3 |    2546 |     511 |  16.7 |       6 |       1 |  14.3
      Orc:1 |    5074 |   12297 |  70.8 |      30 |      30 |  50.0
      Orc:2 |    3358 |    9751 |  74.4 |      34 |      45 |  57.0
            +---------+---------+-------+---------+---------+-------
